TOP OF THE 1ST |
---|
Bismark Border Guards batting - Pitching for Bismarck Barons : RHP Domingo León | Pitching: RHP Domingo León | | Batting: RHB Alfredo Farías | 0-0: Foul Ball, location: 2F 0-1: Foul Ball, location: 2F 0-2: Ball 1-2: Foul Ball, location: 2F 1-2: Ball 2-2: Ground out 5-3 (Groundball, 56) | Batting: LHB Will Hill | 0-0: Ball 1-0: Ball 2-0: Fly out, F8 (Line Drive, 8RS) | Batting: RHB Jackson Gibson | 0-0: SINGLE (Groundball, 5D) | Batting: LHB Alan Moore | 0-0: Ball 1-0: Ball 2-0: Ball 3-0: Base on Balls Jackson Gibson to second | Batting: RHB Mario Carranza | 0-0: Called Strike 0-1: Foul Ball, location: 2F 0-2: Ball 1-2: Ball 2-2: Strikes out looking | Top of the 1st over - 0 runs, 1 hit, 0 errors, 2 left on base; Bismark 0 - Bismarck 0 | BOTTOM OF THE 1ST |
---|
Bismarck Barons batting - Pitching for Bismark Border Guards : RHP Adrián Sandoval | Pitching: RHP Adrián Sandoval | | Batting: RHB Rubén Palma | 0-0: Called Strike 0-1: Foul Ball, location: 2F 0-2: Strikes out swinging | Batting: RHB Fernando Castellanos | 0-0: Fly out, F8 (Flyball, 8RD) | Batting: LHB Brian Easdale | 0-0: Called Strike 0-1: Called Strike 0-2: Ball 1-2: Ball 2-2: Ball 3-2: Foul Ball, location: 2F 3-2: Foul Ball, location: 2F 3-2: Strikes out looking | Bottom of the 1st over - 0 runs, 0 hits, 0 errors, 0 left on base; Bismark 0 - Bismarck 0 | TOP OF THE 2ND |
---|
Bismark Border Guards batting - Pitching for Bismarck Barons : RHP Domingo León | Batting: RHB Vincent Braun | 0-0: Called Strike 0-1: Ball 1-1: Swinging Strike 1-2: Strikes out swinging, 2-3 out at first. | Batting: RHB Sergio Solíz | 0-0: DOUBLE (Flyball, 8RXD) | Batting: RHB Danny Spode | 0-0: Ground out 6-3 (Groundball, 6) Sergio Solíz to third | Batting: LHB Kelsey Scott | 0-0: SINGLE (Groundball, 4S) (infield hit) Sergio Solíz scores | Batting: RHB Alfredo Farías | 0-0: Ball 1-0: Called Strike 1-1: Ball 2-1: Ball 3-1: SINGLE (Groundball, 6MD) Kelsey Scott to second Runner from 2nd tries for 3rd, OUT! | Top of the 2nd over - 1 run, 3 hits, 0 errors, 1 left on base; Bismark 1 - Bismarck 0 | BOTTOM OF THE 2ND |
---|
Bismarck Barons batting - Pitching for Bismark Border Guards : RHP Adrián Sandoval | Batting: LHB Jorge Fernández | 0-0: Ball 1-0: Ball 2-0: Called Strike 2-1: Foul Ball, location: 2F 2-2: Foul Ball, location: 2F 2-2: Ball 3-2: Strikes out looking | Batting: RHB Eugenio Maldonado | 0-0: Called Strike 0-1: Swinging Strike 0-2: Ball 1-2: Strikes out swinging | Batting: LHB Orlando Hernández | 0-0: Ball 1-0: Ball 2-0: Called Strike 2-1: Foul Ball, location: 2F 2-2: Strikes out looking | Bottom of the 2nd over - 0 runs, 0 hits, 0 errors, 0 left on base; Bismark 1 - Bismarck 0 | TOP OF THE 3RD |
---|
Bismark Border Guards batting - Pitching for Bismarck Barons : RHP Domingo León | Batting: LHB Will Hill | 0-0: Ground out 3-1 (Groundball, 23) | Batting: RHB Jackson Gibson | 0-0: Ball 1-0: Foul Ball, location: 2F 1-1: Ball 2-1: Ground out 4-3 (Groundball, 4) | Batting: LHB Alan Moore | 0-0: Called Strike 0-1: Called Strike 0-2: SOLO HOME RUN (Flyball, 9LD), Distance : 311 ft | Batting: RHB Mario Carranza | 0-0: Foul Ball, location: 2F 0-1: Ball 1-1: SINGLE (Line Drive, 78S) | Batting: RHB Vincent Braun | 0-0: Foul Ball, location: 2F 0-1: SINGLE (Line Drive, 89S) Mario Carranza to second Runner from 2nd tries for 3rd, SAFE, no throw | Batting: RHB Sergio Solíz | 0-0: Called Strike 0-1: Foul Ball, location: 2F 0-2: Ball 1-2: Fly out, F8 (Flyball, 8LD) | Top of the 3rd over - 1 run, 3 hits, 0 errors, 2 left on base; Bismark 2 - Bismarck 0 | BOTTOM OF THE 3RD |
---|
Bismarck Barons batting - Pitching for Bismark Border Guards : RHP Adrián Sandoval | Batting: RHB José Ruíz | 0-0: Ball 1-0: Ground out 6-3 (Groundball, 56) | Batting: RHB Xie-li Fong | 0-0: SINGLE (Line Drive, 8RS) | Batting: RHB Pedro García | 0-0: Ball 1-0: Swinging Strike 1-1: Foul Ball, location: 2F 1-2: Ball 2-2: Ball 3-2: Strikes out looking | Batting: RHB Rubén Palma | 0-0: Swinging Strike 0-1: Ball 1-1: Ball 2-1: Swinging Strike 2-2: Foul Ball, location: 2F 2-2: Strikes out swinging | Bottom of the 3rd over - 0 runs, 1 hit, 0 errors, 1 left on base; Bismark 2 - Bismarck 0 | TOP OF THE 4TH |
---|
Bismark Border Guards batting - Pitching for Bismarck Barons : RHP Domingo León | Batting: RHB Danny Spode | 0-0: Ball 1-0: Foul Ball, location: 2F 1-1: Ball 2-1: Swinging Strike 2-2: Foul Ball, location: 2F 2-2: Ball 3-2: Ground out 6-3 (Groundball, 6) | Batting: LHB Kelsey Scott | 0-0: Called Strike 0-1: Called Strike 0-2: Strikes out looking | Batting: RHB Alfredo Farías | 0-0: Foul Ball, location: 2F 0-1: Ground out 4-3 (Groundball, 4) | Top of the 4th over - 0 runs, 0 hits, 0 errors, 0 left on base; Bismark 2 - Bismarck 0 | BOTTOM OF THE 4TH |
---|
Bismarck Barons batting - Pitching for Bismark Border Guards : RHP Adrián Sandoval | Batting: RHB Fernando Castellanos | 0-0: Called Strike 0-1: Swinging Strike 0-2: Ball 1-2: Ball 2-2: Ground out 6-3 (Groundball, 6M) | Batting: LHB Brian Easdale | 0-0: Called Strike 0-1: Ball 1-1: Ball 2-1: Ball 3-1: Base on Balls | Batting: LHB Jorge Fernández | 0-0: Ball 1-0: Foul Ball, location: 2F 1-1: SINGLE (Groundball, 6D) Brian Easdale to second | Batting: RHB Eugenio Maldonado | 0-0: Called Strike 0-1: Ball 1-1: Ball 2-1: Called Strike 2-2: Foul Ball, location: 2F 2-2: Foul Ball, location: 2F 2-2: Foul Ball, location: 2F 2-2: Foul Ball, location: 2F 2-2: Fly out, F9 (Flyball, 9S) | Batting: LHB Orlando Hernández | 0-0: Ball 1-0: Called Strike 1-1: Ball 2-1: Foul Ball, location: 2F 2-2: Foul Ball, location: 2F 2-2: Strikes out swinging | Bottom of the 4th over - 0 runs, 1 hit, 0 errors, 2 left on base; Bismark 2 - Bismarck 0 | TOP OF THE 5TH |
---|
Bismark Border Guards batting - Pitching for Bismarck Barons : RHP Domingo León | Batting: LHB Will Hill | 0-0: Fly out, F9 (Flyball, 89M) | Batting: RHB Jackson Gibson | 0-0: Ball 1-0: Foul Ball, location: 2F 1-1: Foul Ball, location: 2F 1-2: Foul Ball, location: 2F 1-2: Ball 2-2: Fly out, F9 (Line Drive, 9S) | Batting: LHB Alan Moore | 0-0: Ball 1-0: Swinging Strike 1-1: Ground out U3 (Groundball, 34) | Top of the 5th over - 0 runs, 0 hits, 0 errors, 0 left on base; Bismark 2 - Bismarck 0 | BOTTOM OF THE 5TH |
---|
Bismarck Barons batting - Pitching for Bismark Border Guards : RHP Adrián Sandoval | Batting: RHB José Ruíz | 0-0: Ball 1-0: Swinging Strike 1-1: Ball 2-1: Swinging Strike 2-2: Ball 3-2: SOLO HOME RUN (Line Drive, 7LD), Distance : 321 ft | Batting: RHB Xie-li Fong | 0-0: Foul Ball, location: 2F 0-1: Foul Ball, location: 2F 0-2: Ball 1-2: Strikes out swinging | Batting: RHB Pedro García | 0-0: Called Strike 0-1: Foul Ball, location: 2F 0-2: Foul Ball, location: 2F 0-2: Ground out 6-3 (Groundball, 6) | Batting: RHB Rubén Palma | 0-0: Called Strike 0-1: Ball 1-1: Called Strike 1-2: Ball 2-2: Ground out 5-3 (Groundball, 56) | Bottom of the 5th over - 1 run, 1 hit, 0 errors, 0 left on base; Bismark 2 - Bismarck 1 | TOP OF THE 6TH |
---|
Bismark Border Guards batting - Pitching for Bismarck Barons : RHP Domingo León | Batting: RHB Mario Carranza | 0-0: Fly out, F7 (Flyball, 7LSF) | Batting: RHB Vincent Braun | 0-0: Ball 1-0: Called Strike 1-1: Ball 2-1: Ball 3-1: Called Strike 3-2: Ground out 6-3 (Groundball, 6) | Batting: RHB Sergio Solíz | 0-0: Called Strike 0-1: Ground out 3-1 (Groundball, 34S) | Top of the 6th over - 0 runs, 0 hits, 0 errors, 0 left on base; Bismark 2 - Bismarck 1 | BOTTOM OF THE 6TH |
---|
Bismarck Barons batting - Pitching for Bismark Border Guards : RHP Adrián Sandoval | Batting: RHB Fernando Castellanos | 0-0: Fly out, F9 (Flyball, 9S) | Batting: LHB Brian Easdale | 0-0: Ground out 1-3 (Groundball, P) | Batting: LHB Jorge Fernández | 0-0: SINGLE (Line Drive, 8LS) | Batting: RHB Eugenio Maldonado | 0-0: Foul Ball, location: 2F 0-1: Foul Ball, location: 2F 0-2: Strikes out looking | Bottom of the 6th over - 0 runs, 1 hit, 0 errors, 1 left on base; Bismark 2 - Bismarck 1 | TOP OF THE 7TH |
---|
Bismark Border Guards batting - Pitching for Bismarck Barons : RHP Domingo León | Pitching: LHP Tom Hale | | Batting: RHB Danny Spode | 0-0: Ball 1-0: SINGLE (Line Drive, 7S) | Batting: LHB Kelsey Scott | 0-0: Ball 1-0: Swinging Strike 1-1: Ground out 5-3 (Groundball, 56) Danny Spode to second | Batting: RHB Alfredo Farías | 0-0: Called Strike 0-1: Ball 1-1: Ball 2-1: Ball 3-1: Called Strike 3-2: Ground out 4-3 (Groundball, 4) Danny Spode to third | Batting: LHB Will Hill | 0-0: Fly out, F8 (Flyball, 8LD) | Top of the 7th over - 0 runs, 1 hit, 0 errors, 1 left on base; Bismark 2 - Bismarck 1 | BOTTOM OF THE 7TH |
---|
Bismarck Barons batting - Pitching for Bismark Border Guards : RHP Adrián Sandoval | Pitching: RHP Marcos Medina | | Now at 3B: José Vidal | | Batting: LHB Orlando Hernández | 0-0: Ball 1-0: Ball 2-0: Ball 3-0: Called Strike 3-1: Base on Balls | Batting: RHB José Ruíz | 0-0: Bunt missed! 0-1: Sac Bunt - play at first, batter OUT! 1-4 Orlando Hernández to second | Pinch Hitting: LHB Corey MacGregor | 0-0: Ball 1-0: Ball 2-0: Called Strike 2-1: Ball 3-1: Base on Balls | Pinch Hitting: RHB Félix Trevino | 0-0: Called Strike 0-1: Foul Ball, location: 2F 0-2: Ball 1-2: Foul Ball, location: 2F 1-2: Ball 2-2: Ball 3-2: Base on Balls Orlando Hernández to third Corey MacGregor to second | Pinch Hitting: RHB Jesús Ramos | 0-0: Ball 1-0: Ball 2-0: Called Strike 2-1: SINGLE (Groundball, 56D) Orlando Hernández scores Corey MacGregor to third Félix Trevino to second Runner from 3rd tries for Home, SAFE, throw made home | Pitching: RHP Jim Thompson | | Pinch Runner at 2nd Juan Castillo: | | Batting: RHB Fernando Castellanos | 0-0: Called Strike 0-1: Grounds into double play, 6-4-3 (Groundball, 6) | Bottom of the 7th over - 2 runs, 1 hit, 0 errors, 1 left on base; Bismark 2 - Bismarck 3 | TOP OF THE 8TH |
---|
Bismark Border Guards batting - Pitching for Bismarck Barons : LHP Tom Hale | Now at SS: Jesús Ramos | | Now in CF: José Gonzáles | | Now in RF: Corey MacGregor | | Batting: RHB Jackson Gibson | 0-0: Called Strike 0-1: Ball 1-1: SINGLE (Flyball, 4MD) | Pitching: LHP Charlie Conner | | Batting: LHB Alan Moore | 0-0: Single, Error in OF, E8, batter to second base Jackson Gibson to third | Batting: RHB Mario Carranza | 0-0: Foul Ball, location: 2F 0-1: SINGLE (Groundball, 56D) Jackson Gibson scores Alan Moore to third | Batting: RHB Vincent Braun | 0-0: Ball 1-0: Called Strike 1-1: Swinging Strike 1-2: Ball 2-2: Foul Ball, location: 2F 2-2: Ball 3-2: Foul Ball, location: 2F 3-2: SINGLE (Groundball, 6D) Alan Moore scores Mario Carranza to second | Batting: RHB Sergio Solíz | 0-0: SINGLE (Line Drive, 9S) Mario Carranza to third Vincent Braun to second | Pinch Hitting: RHB Leonard Harris | 0-0: Called Strike 0-1: Ball 1-1: Ball 2-1: Foul Ball, location: 2F 2-2: Strikes out swinging | Pinch Hitting: RHB Jeremiah Soto | 0-0: Ball 1-0: Swinging Strike 1-1: Ball 2-1: Ball 3-1: Swinging Strike 3-2: Strikes out looking | Batting: RHB Alfredo Farías | 0-0: Ball 1-0: Fielders Choice at 2nd, 5-4 (Groundball, 5) | Top of the 8th over - 2 runs, 5 hits, 1 error, 3 left on base; Bismark 4 - Bismarck 3 | BOTTOM OF THE 8TH |
---|
Bismarck Barons batting - Pitching for Bismark Border Guards : RHP Jim Thompson | Pitching: LHP Jeffrey Glass | | Now at 2B: Cipriano Baca | | Now at 3B: Eduardo Sánchez | | Batting: LHB Brian Easdale | 0-0: Ball 1-0: Ball 2-0: Fly out, F8 (Flyball, 8LD) | Batting: LHB Jorge Fernández | 0-0: Ball 1-0: SINGLE (Line Drive, 6D) | Pitching: RHP Esteban Corona | | Pinch Runner at 1st Tomás Rivera: | | Batting: RHB Eugenio Maldonado | 0-0: Called Strike 0-1: Ball 1-1: SINGLE (Groundball, 34D) Tomás Rivera to second Runner from 2nd tries for 3rd, SAFE, throw made to third | Batting: LHB Orlando Hernández | 0-0: Ball 1-0: Ball 2-0: Ball 3-0: Called Strike 3-1: DOUBLE (Groundball, 3L) Tomás Rivera scores Eugenio Maldonado to third Runner from 3rd tries for Home, SAFE, throw made at trailing runner, OUT at third! | Batting: RHB José Ruíz | 0-0: Ball 1-0: Ball 2-0: Ball 3-0: Base on Balls | Batting: LHB Corey MacGregor | 0-0: Ball 1-0: Called Strike José Ruíz steals 2nd base 1-1: Ball 2-1: Foul Ball, location: 2F 2-2: Ball 3-2: Strikes out looking | Bottom of the 8th over - 2 runs, 3 hits, 0 errors, 1 left on base; Bismark 4 - Bismarck 5 | TOP OF THE 9TH |
---|
Bismark Border Guards batting - Pitching for Bismarck Barons : LHP Charlie Conner | Pitching: LHP Adrian Bryant | | Now at 1B: Eric Black | | Batting: LHB Will Hill | 0-0: Ball 1-0: Swinging Strike 1-1: SINGLE (Flyball, 7S) - OUT at second base trying to stretch hit. | Batting: RHB Jackson Gibson | 0-0: Called Strike 0-1: Ball 1-1: Foul Ball, location: 2F 1-2: SINGLE (Line Drive, 6M) | Batting: LHB Alan Moore | 0-0: Ball 1-0: DOUBLE (Line Drive, 89D) Jackson Gibson to third Runner from 3rd tries for Home, SAFE, no throw | Batting: RHB Mario Carranza | 0-0: Called Strike 0-1: Ball 1-1: Ball 2-1: Foul Ball, location: 2F 2-2: Foul Ball, location: 2F 2-2: Ball 3-2: Ground out 5-3 (Groundball, 56S) Alan Moore to third | Batting: RHB Vincent Braun | 0-0: Foul Ball, location: 2F 0-1: 2-RUN HOME RUN (Flyball, 7D), Distance : 368 ft | Batting: RHB Sergio Solíz | 0-0: Called Strike 0-1: Ball 1-1: Ball 2-1: Ball 3-1: Foul Ball, location: 2F 3-2: Foul Ball, location: 2F 3-2: Base on Balls | Batting: RHB Cipriano Baca | 0-0: Swinging Strike 0-1: Ball 1-1: Ball 2-1: Fly out, F1 (Line Drive, 15) | Top of the 9th over - 3 runs, 4 hits, 0 errors, 1 left on base; Bismark 7 - Bismarck 5 | BOTTOM OF THE 9TH |
---|
Bismarck Barons batting - Pitching for Bismark Border Guards : RHP Esteban Corona | Batting: SHB José Gonzáles | 0-0: Ball 1-0: Swinging Strike 1-1: Foul Ball, location: 2F 1-2: Strikes out swinging | Batting: RHB Jesús Ramos | 0-0: Swinging Strike 0-1: Ball 1-1: Called Strike 1-2: Foul Ball, location: 2F 1-2: SINGLE (Groundball, 6MD) | Batting: RHB Fernando Castellanos | 0-0: Ball 1-0: Foul Ball, location: 2F 1-1: Ball 2-1: Ball 3-1: Foul Ball, location: 2F 3-2: Foul Ball, location: 2F 3-2: Foul Ball, location: 2F 3-2: SINGLE (Groundball, 34D) Jesús Ramos to second | Batting: LHB Brian Easdale | 0-0: Ball 1-0: Fielders Choice at 2nd, 1-6 (Groundball, 13) Jesús Ramos to third | Batting: RHB Eric Black | 0-0: Foul Ball, location: 2F 0-1: Swinging Strike 0-2: Ball 1-2: Ball 2-2: Ground out 1-3 (Groundball, 13S) | Bottom of the 9th over - 0 runs, 2 hits, 0 errors, 2 left on base; Bismark 7 - Bismarck 5 | |